 Seeded DCSS version 0.31-a0-496-g6f97920a28 (webtiles) character file.

Game seed: 7415222406553760909 (custom seed)

138 innerfire43 the Ruffian (level 5, -1/40 HPs)
             Began as a Gnoll Shapeshifter on Aug 8, 2023.
             Slain by an iguana (11 damage)
             ... on level 3 of the Dungeon.
             The game lasted 00:03:53 (2288 turns).

innerfire43 the Ruffian (Gnoll Shapeshifter)        Turns: 2288, Time: 00:03:54

Health: -1/40      AC:  5    Str: 17    XL:     5   Next: 21%
Magic:  7/7        EV: 17    Int:  7    God:
Gold:   175        SH:  0    Dex: 12    Spells: 6/6 levels left

rFire   . .          .
                       - Unarmed
rCold   + . .        (shield currently unavailable)
rNeg    . . .        j - +1 robe {rC+}
rPois   +            (no helmet)
rElec   .            (no cloak)
rCorr   .            l - +1 pair of gloves
SInv    .            (no boots)
Will    .....        (no amulet)
Stlth   +            e - ring of wizardry
HPRegen 0.00/turn    f - ring of poison resistance
MPRegen 0.10/turn

%: wizardry (x1)
@: flux-form, inhibited regen, glowing
A: glow, contaminating, fangs 1, strong nose, distributed training, talons 1,
inhibited regeneration, MP-powered wands
a: Begin Untransformation


You were on level 3 of the Dungeon.
You were something dangerously unstable.
You visited 1 branch of the dungeon, and saw 3 of its levels.

You collected 175 gold pieces.

Inventory:

Armour
 a - a +0 animal skin
 j - a +1 robe of cold resistance (worn)
 l - a +1 pair of gloves (worn)
Jewellery
 b - a ring of wizardry
 e - a ring of wizardry (left hand)
 f - a ring of poison resistance (right hand)
 g - a ring of positive energy
Talismans
 c - a beast talisman
 d - a flux talisman (active)
Scrolls
 h - 2 scrolls of teleportation {unknown}
 i - a scroll of poison {unknown}
 k - 4 scrolls of identify {unknown}
 m - 2 scrolls of fog {unknown}
 n - 2 scrolls of fear {unknown}
 o - a scroll of noise {unknown}
Potions
 p - a potion of enlightenment {unknown}
 q - a potion of heal wounds {unknown}
 r - a potion of brilliance {unknown}


   Skills:
 + Level 2.9 Fighting
 + Level 1.4 Short Blades
 + Level 1.4 Long Blades
 + Level 1.4 Axes
 + Level 1.4 Maces & Flails
 + Level 1.4 Polearms
 + Level 1.4 Staves
 + Level 1.4 Ranged Weapons
 + Level 1.4 Throwing
 + Level 1.4 Armour
 + Level 4.7 Dodging
 + Level 1.4 Stealth
 + Level 1.4 Shields
 + Level 6.7 Unarmed Combat
 + Level 1.4 Spellcasting
 + Level 1.1 Conjurations
 + Level 1.1 Hexes
 + Level 1.1 Summonings
 + Level 1.1 Necromancy
 + Level 1.1 Translocations
 + Level 1.1 Transmutations
 + Level 1.1 Fire Magic
 + Level 1.1 Ice Magic
 + Level 1.1 Air Magic
 + Level 1.1 Earth Magic
 + Level 1.1 Poison Magic
 + Level 1.6 Invocations
 + Level 1.4 Evocations
 + Level 6.6 Shapeshifting


You had 6 spell levels left.
You didn't know any spells.
Your spell library was empty.

Dungeon Overview and Level Annotations

Branches:
Dungeon (3/15)

Altars:
Dithmenos
Nemelex Xobeh
Qazlal
Uskayaw
Yredelemnul
The Shining One

Shops:
D:1 ?

Annotations:
D:3 1 transporter


Innate Abilities, Weirdness & Mutations

You are something dangerously unstable.
You glow with magical radiation, making you easy to see and hit.
Foes you strike become dangerously contaminated with magical radiation.
You are incapable of wielding weapons or throwing items.
You have very sharp teeth.
Your uncanny sense of smell can sniff out nearby items.
Your experience applies equally to all skills.
You have sharp toenails.
You do not regenerate when monsters are visible.
You expend magic power (3 MP) to strengthen your wands.


Message History

There is a transporter here.
You enter the transporter and appear at another place.
The ice beast hits you but does no damage.
You hit the ice beast but do no damage.
The ice beast begins to glow.
The ice beast hits you but does no damage.
The iguana bites you but does no damage.
The shadow imp closely misses you.
You hit the ice beast.
The ice beast glows dangerously bright.
You claw the ice beast.
The ice beast is lightly wounded.
The bullfrog hits you. The endoplasm misses you. The ice beast hits you.
The ice beast freezes you! You resist. The iguana barely misses you.
The shadow imp completely misses you.
You hit the ice beast.
The ice beast shudders as magic cascades through it!
The ice beast twists and deforms.
The ice beast is severely wounded.
The bullfrog hits you but does no damage.
The endoplasm hits you. The ice beast hits you. The ice beast freezes you.
You resist. The iguana misses you. The shadow imp gestures at you.
Pain shoots through your body!
The bullfrog hits you but does no damage.
You barely miss the ice beast.
The ice beast is severely wounded.
The bullfrog hits you. The endoplasm misses you.
The ice beast hits you but does no damage.
The iguana closely misses you. The shadow imp hits you.
Unknown command.
You hit the ice beast.
The ice beast begins to glow.
Your kick misses the ice beast.
The ice beast is severely wounded.
The bullfrog hits you.
* * * LOW HITPOINT WARNING * * *
The endoplasm freezes you.
You are frozen.
You resist.
* * * LOW HITPOINT WARNING * * *
The ice beast hits you but does no damage.
The iguana bites you!
You die...

###### ##....####
#####...#....##
##.....©.......###
#######..#########.....#
#....##.##8.....8##....#
#....##.#...FlY...#....#
#..>..#.#....B5...#....# #####
#.......#.....J...#....# #...#
#.....#.#........©#....# #...#
#.....#.#.........#....###...#
#.....#.#.........#....'.'....
###.....#..$?$)?..#....###...#
#...#.##8$___$8##....# #...#
#...#..#########.....# #...#
#...##.....©........(# #...#


You could see an ice beast (contam, misshapen), a bullfrog, an iguana, a shadow
imp and an endoplasm.

Vanquished Creatures
  Robin (D:2)
  4 adders
  2 worms
  A dart slug (D:2)
  5 ball pythons
  4 bats
  An endoplasm (D:2)
  2 giant cockroaches (D:1)
  17 goblins
  7 hobgoblins
  12 jackals
  7 quokkas
  4 frilled lizards
  5 kobolds
  4 rats
76 creatures vanquished.

Notes
Turn   | Place    | Note
-------+----------+-------------------------------------------
     0 | D:1      | innerfire43 the Gnoll Shapeshifter began the quest for the
                  | Orb.
     0 | D:1      | Reached XP level 1. HP: 17/17 MP: 1/1
    46 | D:1      | Reached XP level 2. HP: 20/23 MP: 2/2
   170 | D:1      | Reached XP level 3. HP: 21/28 MP: 3/3
   287 | D:1      | Found Onoqawk's Magic Scroll Emporium.
   506 | D:2      | Reached skill level 1 in Invocations
   806 | D:2      | Noticed Robin
   815 | D:3      | Reached skill level 1 in Short Blades
   815 | D:3      | Reached skill level 1 in Long Blades
   815 | D:3      | Reached skill level 1 in Axes
   815 | D:3      | Reached skill level 1 in Maces & Flails
   815 | D:3      | Reached skill level 1 in Polearms
   815 | D:3      | Reached skill level 1 in Staves
   815 | D:3      | Reached skill level 1 in Ranged Weapons
   815 | D:3      | Reached skill level 1 in Throwing
   815 | D:3      | Reached skill level 1 in Armour
   815 | D:3      | Reached skill level 1 in Stealth
   815 | D:3      | Reached skill level 1 in Shields
   815 | D:3      | Reached skill level 1 in Spellcasting
   815 | D:3      | Reached skill level 1 in Evocations
   820 | D:3      | HP: 1/28 [goblin/+0 dagger[Robin] (1)]
   826 | D:3      | Reached XP level 4. HP: 16/34 MP: 5/5
   963 | D:2      | Killed Robin
   964 | D:2      | Reached skill level 1 in Conjurations
   964 | D:2      | Reached skill level 1 in Hexes
   964 | D:2      | Reached skill level 1 in Summonings
   964 | D:2      | Reached skill level 1 in Necromancy
   964 | D:2      | Reached skill level 1 in Translocations
   964 | D:2      | Reached skill level 1 in Transmutations
   964 | D:2      | Reached skill level 1 in Fire Magic
   964 | D:2      | Reached skill level 1 in Ice Magic
   964 | D:2      | Reached skill level 1 in Air Magic
   964 | D:2      | Reached skill level 1 in Earth Magic
   964 | D:2      | Reached skill level 1 in Poison Magic
  1315 | D:2      | Gained mutation: You have sharp toenails. [potion of
                  | mutation]
  1315 | D:2      | Gained mutation: You do not regenerate when monsters are
                  | visible. [potion of mutation]
  1315 | D:2      | Gained mutation: You expend magic power (3 MP) to
                  | strengthen your wands. [potion of mutation]
  1600 | D:3      | Found a shadowy altar of Dithmenos.
  1617 | D:3      | Reached XP level 5. HP: 37/40 MP: 6/6
  1695 | D:3      | Found a sparkling altar of Nemelex Xobeh.
  1849 | D:3      | Found a glowing golden altar of the Shining One.
  1870 | D:3      | Found a basalt altar of Yredelemnul.
  1870 | D:3      | Noticed an ice beast
  1873 | D:3      | Found a stormy altar of Qazlal.
  1873 | D:3      | Found a hide-covered altar of Uskayaw.
  1873 | D:3      | Found a transporter.
  1902 | D:3      | Found a transporter.
  2288 | D:3      | Slain by an iguana

Illustrated notes

Levels and vault maps discovered:
D:1:      spicycebolla_green_bress_n_ham_2, layout_rooms, serial_shops, shop,
          minmay_misc_feat_hallway
D:2:      layout_basic, uniq_robin
D:3:      minmay_evil_eye, layout_basic,
          mainiacjoe_overflow_concentric_impassable, lemuel_tele_altar,
          gammafunk_temple_overflow_arena, nemelex_altar_shiori,
          kennysheep_generic_room_6

Skill      XL: |  1  2  3  4 |
---------------+-------------+-----
Invocations    | 1 |  1.6
Short Blades   | 1 |  1.4
Long Blades    | 1 |  1.4
Axes           | 1 |  1.4
Maces & Flails | 1 |  1.4
Polearms       | 1 |  1.4
Staves         | 1 |  1.4
Ranged Weapons | 1 |  1.4
Throwing       | 1 |  1.4
Armour         | 1 |  1.4
Stealth        | 1 |  1.4
Shields        | 1 |  1.4
Spellcasting   | 1 |  1.4
Evocations     | 1 |  1.4
Conjurations   | 1 |  1.1
Hexes          | 1 |  1.1
Summonings     | 1 |  1.1
Necromancy     | 1 |  1.1
Translocations | 1 |  1.1
Transmutations | 1 |  1.1
Fire Magic     | 1 |  1.1
Ice Magic      | 1 |  1.1
Air Magic      | 1 |  1.1
Earth Magic    | 1 |  1.1
Poison Magic   | 1 |  1.1
Fighting       | |  2.9
Dodging        | |  4.7
Unarmed Combat | |  6.7
Shapeshifting  | |  6.6

Action                     |  1- 3 |  4- 6 || total
---------------------------+-------+-------++-------
  Melee: Unarmed           |    90 |   102 ||   192
         Bite              |     9 |     6 ||    15
         Punch             |     2 |       ||     2
         Kick              |       |    13 ||    13
    Use: Potion            |     3 |     1 ||     4
 Armour: Animal skin       |    13 |       ||    13
         Robe              |    11 |    26 ||    37
         Skin              |     6 |       ||     6
  Dodge: Dodged            |    95 |    85 ||   180
   Form: Flux              |     1 |       ||     1

Table legend: (Time is in decaauts)
 A = Elapsed time spent in this place.
 B = Non-inter-level travel time spent in this place.
 C = Inter-level travel time spent in this place.
 D = Time resting spent in this place.
 E = Time spent auto-exploring this place.
 F = Levels seen in this place.
 G = Mean time per level.
                   A        B        C        D        E       F      G
               +--------+--------+--------+--------+--------+-----+--------+
         Total |   2267 |   2193 |     74 |      0 |   1733 |   3 |  755.7 |
       Dungeon |   2267 |   2193 |     74 |      0 |   1733 |   3 |  755.7 |
               +--------+--------+--------+--------+--------+-----+--------+

Top non-repeatable levels by time:
     D:2: 945 daAuts
     D:3: 838 daAuts
     D:1: 483 daAuts
